 Dungeon Crawl Stone Soup version 0.30.1 (webtiles) character file.

Game seed: 15616066430086744244

966 Babbit the Chopper (level 7, -4/63 HPs)
             Began as a Minotaur Fighter on July 11, 2023.
             Slain by an orc warrior
             ... wielding a +0 trident
              (5 damage)
             ... on level 5 of the Dungeon.
             The game lasted 00:35:41 (3176 turns).

Babbit the Chopper (Minotaur Fighter)               Turns: 3176, Time: 00:35:42

Health: -4/63      AC:  7    Str: 22    XL:     7   Next: 93%
Magic:  6/6        EV:  9    Int:  5    God:
Gold:   213        SH:  5    Dex: 10    Spells: 6/6 levels left

rFire   . . .        a - +0 war axe
rCold   . . .        c - +0 buckler
rNeg    . . .        b - +0 scale mail
rPois   .            (helmet restricted)
rElec   .            (no cloak)
rCorr   .            (no gloves)
SInv    .            (no boots)
Will    +....        (no amulet) Stlth
                     o - ring of willpower
HPRegen 0.30/turn    (no ring)
MPRegen 0.10/turn

%: no passive effects
@: no status effects
A: horns 2, retaliatory headbutt
a: no special abilities


You were on level 5 of the Dungeon.
You visited 1 branch of the dungeon, and saw 5 of its levels.

You collected 213 gold pieces.

Inventory:

Hand Weapons
 a - a +0 war axe (weapon)
 u - the +8 mace of Oshruasyti {freeze, *Rage rN++ Dex+3}
   (You found it on level 4 of the Dungeon)

   Dex:       It affects your dexterity (+3).
   rN:        It greatly protects you from negative energy.
   *Rage:     It berserks you when you make melee attacks (+20% chance).
Missiles
 j - 3 poisoned darts
 v - 5 boomerangs (quivered)
Armour
 b - a +0 scale mail (worn)
 c - a +0 buckler (worn)
 q - an orb of wrath
Jewellery
 o - a ring of willpower (left hand)
 w - an amulet of faith
Wands
 l - a wand of flame (4)
Scrolls
 f - a scroll of fog
 g - 2 scrolls of magic mapping
 h - 2 scrolls of poison
 k - a scroll of amnesia
 m - a scroll of identify
 n - a scroll of brand weapon {unknown}
 p - a scroll of teleportation {unknown}
Potions
 d - a potion of mutation {unknown}
 e - 4 potions of lignification
 s - a potion of degeneration {unknown}
 t - 2 potions of brilliance
 z - a potion of might
 A - a potion of magic {unknown}


   Skills:
 + Level 6.1 Fighting
 * Level 7.2 Axes
 + Level 6.1 Armour
 + Level 6.0 Shields


You had 6 spell levels left.
You didn't know any spells.
Your spell library contained the following spells:

 Spells                   Type           Power      Damage    Failure   Level
 Dazzling Flash           Conj/Hex       0%         N/A       99%         3
 Volatile Blastmotes      Fire/Tloc      0%         2d10      99%         3
 Iskenderun's Mystic Bla  Conj/Tloc      0%         2d3       100%        4
 Starburst                Conj/Fire      0%         6d3       100%        6


Dungeon Overview and Level Annotations

Branches:
Dungeon (5/15)
 Temple: D:4-7

Altars:
Hepliaklqana
Vehumet
Yredelemnul

Shops:
D:5 =


Innate Abilities, Weirdness & Mutations

You have a pair of horns on your head.
You reflexively headbutt those who attack you in melee.


Message History

Throw: 5 boomerangs
Press: ? - help, Q - select action, (/) - cycle Shift-Dir - straight line, f/p - orc priest
Aim: an orc priest, wielding a +0 flail and wearing a +0 leather armour (heavily wounded, 59% to hit)
You throw a boomerang. The boomerang hits the orc priest.
The orc priest is almost dead.
Throw: 5 boomerangs
Press: ? - help, Q - select action, (/) - cycle Shift-Dir - straight line, f/p - orc priest
Aim: an orc priest, wielding a +0 flail and wearing a +0 leather armour (almost dead, 59% to hit)
You throw a boomerang. The boomerang hits the orc priest.
You kill the orc priest!
Your Shields skill increases to level 6!
Throw: 5 boomerangs
Press: ? - help, Q - select action, (/) - cycle Shift-Dir - straight line, f - iguana
Aim: an iguana (almost dead, 63% to hit)
You throw a boomerang. The boomerang barely misses the iguana.
The boomerang barely misses the orc priest.
Blink to where?
Press: ? - help, Dir - move target, p - iguana
As you read the scroll of blinking, it crumbles to dust.
The orc warrior hits you but does no damage.
The orc priest hits you with a +0 hand axe.
* * * LOW HITPOINT WARNING * * *
You completely miss the orc priest. Your headbutt misses the orc priest.
The orc warrior hits you but does no damage.
The iguana hisses menacingly.
The orc priest barely misses you. You furiously retaliate!
You headbutt the orc priest! You slash the orc priest!
You kill the orc priest!
You barely miss the worm. You hit the iguana.
You block the orc warrior's attack. The iguana bites you.
* * * LOW HITPOINT WARNING * * *
You completely miss the worm. You hit the iguana.
You kill the iguana!
The orc warrior hits you from afar with a +0 trident!
* * * LOW HITPOINT WARNING * * *
The worm barely misses you.
You barely miss the worm.
The orc warrior hits you from afar with a +0 trident.
You die...

...∩
....#.....(.......#
...
#..:##....####....##
##).###...##..(.##
######
#..........+.....#
#..o.......#.....#
#...o......#.....#
#....).....#...o.#
#......o...#))...#
#######w..##.@..##
#..##...##w...####
#...l..>.........#
#................#
#................#
#................#
#................#
#................#
##...##.#..#...###


You could see an orc warrior and a worm.

Vanquished Creatures
  Grinder (D:3)
  A black bear (D:4)
  A phantom (D:5)
  Blork the orc (D:5)
  A scorpion (D:5)
  A jelly (D:5)
  3 orc priests
  2 hounds
  A sleepcap (D:4)
  2 iguanas
  2 orc wizards (D:4)
  Robin (D:3)
  6 adders
  2 worms
  2 dart slugs
  10 orcs
  8 endoplasms
  2 giant cockroaches
  13 goblins
  7 hobgoblins
  8 jackals
  5 quokkas
  3 ball pythons
  8 bats
  16 frilled lizards
  11 kobolds
  4 rats
122 creatures vanquished.

Notes
Turn   | Place    | Note
-------+----------+-------------------------------------------
     0 | D:1      | Babbit the Minotaur Fighter began the quest for the Orb.
     0 | D:1      | Reached XP level 1. HP: 19/19 MP: 0/0
   354 | D:1      | Reached XP level 2. HP: 27/27 MP: 1/1
   492 | D:1      | Reached skill level 3 in Axes
  1217 | D:2      | Reached XP level 3. HP: 33/33 MP: 2/2
  1796 | D:3      | Reached XP level 4. HP: 34/41 MP: 3/3
  1828 | D:3      | Noticed Robin
  1838 | D:3      | Killed Robin
  1839 | D:3      | Reached skill level 4 in Axes
  1942 | D:3      | Found a faded altar of an unknown god.
  2021 | D:3      | Reached XP level 5. HP: 47/47 MP: 4/4
  2048 | D:3      | Found a basalt altar of Yredelemnul.
  2048 | D:3      | Noticed Grinder
  2089 | D:3      | Killed Grinder
  2090 | D:3      | Reached skill level 5 in Fighting
  2090 | D:3      | Reached skill level 5 in Axes
  2090 | D:3      | Reached skill level 5 in Armour
  2090 | D:3      | Reached skill level 5 in Shields
  2090 | D:3      | Reached XP level 6. HP: 30/56 MP: 5/5
  2338 | D:3      | Found a hazy altar of Hepliaklqana.
  2787 | D:4      | Reached skill level 6 in Axes
  2787 | D:4      | Reached XP level 7. HP: 58/61 MP: 6/6
  2828 | D:4      | Identified the +8 mace of Oshruasyti {freeze, *Rage rN++
                  | Dex+3}
  2976 | D:4      | Found a radiant altar of Vehumet.
  2986 | D:5      | Entered Level 5 of the Dungeon
  3062 | D:5      | Noticed Blork the orc
  3069 | D:5      | Killed Blork the orc
  3142 | D:5      | Reached skill level 7 in Axes
  3142 | D:5      | Found Bafeumm's Jewellery Shoppe.
  3175 | D:5      | HP: 1/63 [orc warrior/+0 trident (10)]
  3176 | D:5      | Slain by an orc warrior

Illustrated notes

Levels and vault maps discovered:
D:1:      saegor_arrival_fortress, layout_loops_corners
D:2:      layout_loops_ring, minmay_lizard_king
D:3:      layout_rooms, mainiacjoe_overflow_concentric_impassable,
          mainiacjoe_overflow_six_doors_small,
          shapermc_ecumenical_altar_mp_ritualfount, serial_park_tiny_2,
          uniq_robin, uniq_grinder
D:4:      layout_rooms, kennysheep_mini, minmay_misc_feat_x
D:5:      layout_gridville, serial_shops, shop, uniq_duvessa, uniq_blork_the_orc

Skill      XL: |  1  2  3  4  5  6  7 |
---------------+----------------------+-----
Axes           | 3 4 5 6 7 |  7.2
Fighting       | 4 5 6 |  6.1
Armour         | 4 5 6 |  6.1
Shields        | 4 5 6 |  6.0

Action                     |  1- 3 |  4- 6 |  7- 9 || total
---------------------------+-------+-------+-------++-------
  Melee: War axe           |   113 |   106 |    37 ||   256
         Headbutt          |    10 |    17 |     5 ||    32
  Throw: Stone             |       |     7 |       ||     7
         Boomerang         |       |       |    17 ||    17
  Evoke: Wand              |       |       |    13 ||    13
    Use: Scroll            |     3 |     3 |     4 ||    10
         Potion            |       |     1 |     1 ||     2
 Armour: Scale mail        |    63 |    37 |    13 ||   113
  Dodge: Dodged            |    56 |    41 |    12 ||   109
  Block: Buckler           |    30 |    24 |     7 ||    61
